 Dungeon Crawl Stone Soup version 0.30-a0-414-gcb316572d5 (webtiles) character file.

Game seed: 3551236069314773258

31973 Alacron the Warrior (level 13, -7/133 HPs)
             Began as a Minotaur Berserker on Dec 7, 2022.
             Was a Priest of Trog.
             Mangled by an 11-headed hydra (9 damage)
             ... on level 13 of the Dungeon on Dec 8, 2022.
             The game lasted 00:55:02 (12224 turns).

Alacron the Warrior (Minotaur Berserker)           Turns: 12224, Time: 00:55:02

Health: -7/133     AC: 24    Str: 38    XL:     13   Next: 28%
Magic:  12/12      EV: 11    Int:  4    God:    Trog [***...]
Gold:   819        SH:  0    Dex: 13    Spells: 12/12 levels left

rFire   . . .      SeeInvis +    c - +10 hand axe of Xom's Scorn {speed, rN+ Str+6}
rCold   + . .      Faith    +    (no shield)
rNeg    + . .      Spirit   .    v - +3 scale mail of the Candlemaker {Str+2}
rPois   .          Reflect  .    N - +4 hat of Anarchy {Str+4}
rElec   .          Harm     .    h - +2 cloak
rCorr   .          Rampage  +    J - +0 pair of gloves
Will    +....                    X - +1 pair of boots {rampage}
Stlth   ..........               e - amulet of faith
HPRegen 0.42/turn                K - ring "Hoti" {rC+ Will+ Dex+2}
MPRegen 0.13/turn                R - ring of see invisible

@: on berserk cooldown, slowed, very slow
A: horns 2, retaliatory headbutt
a: Renounce Religion, Berserk, Trog's Hand


You were on level 13 of the Dungeon.
You worshipped Trog.
Trog was most pleased with you.
You visited 2 branches of the dungeon, and saw 14 of its levels.
You also visited: Trove.

You collected 1324 gold pieces.
You spent 505 gold pieces at shops.

Inventory:

Hand Weapons
 c - the +10 hand axe of Xom's Scorn (weapon) {speed, rN+ Str+6}
   (You bought it in a shop on level 2 of the Dungeon)

   Attacks with this weapon are significantly faster.
   Str:       It affects your strength (+6).
   rN:        It protects you from negative energy.
 w - a +3 flail of protection
 G - a +4 war axe of freezing
Missiles
 U - 2 throwing nets (quivered)
Armour
 h - a +2 cloak (worn)
 v - the +3 scale mail of the Candlemaker (worn) {Str+2}
   (You bought it in a shop on level 2 of the Dungeon)

   Str:       It affects your strength (+2).
 J - a +0 pair of gloves (worn)
 N - the +4 hat of Anarchy (worn) {Str+4}
   (You found it in a treasure trove)

   Str:       It affects your strength (+4).
 X - a +1 pair of boots of rampaging (worn)
Jewellery
 e - an amulet of faith (around neck)
 j - a ring of ice
 n - an amulet of the acrobat
 u - an amulet of reflection
 D - a ring of positive energy
 H - a ring of poison resistance
 K - the ring "Hoti" (left hand) {rC+ Will+ Dex+2}
   (You found it on level 10 of the Dungeon)

   [ring of willpower]

   Dex:       It affects your dexterity (+2).
   rC:        It protects you from cold.
   Will:      It increases your willpower.
 P - a ring of fire
 Q - a ring of ice
 R - a ring of see invisible (right hand)
 S - a ring of resist corrosion
 V - a ring of ice
 W - an amulet of magic regeneration
Wands
 s - a wand of flame (54)
 x - a wand of charming (2)
 C - a wand of roots (16)
 M - a wand of mindburst (8)
 T - a wand of polymorph (5)
Scrolls
 b - 2 scrolls of noise
 d - 2 scrolls of poison
 l - 2 scrolls of amnesia
 p - 2 scrolls of torment
 q - 8 scrolls of teleportation
 t - 2 scrolls of magic mapping
 y - 3 scrolls of immolation
 A - 2 scrolls of fog
 I - 3 scrolls of identify
 L - a scroll of enchant weapon
Potions
 a - 2 potions of cancellation {unknown}
 f - 3 potions of flight
 g - 5 potions of degeneration
 i - 4 potions of lignification
 k - 2 potions of heal wounds
 m - 2 potions of brilliance
 o - a potion of invisibility
 r - 6 potions of curing
 z - 2 potions of magic {unknown}
 B - 3 potions of mutation {unknown}
 E - 3 potions of haste
 F - 2 potions of ambrosia {unknown}
 O - 2 potions of might {unknown}
Miscellaneous
 Y - a phantom mirror


   Skills:
 * Level 17.6 Fighting
 - Level 12.0(14.1) Axes
 - Level 12.0(14.0) Maces & Flails
 + Level 13.6 Armour
 - Level 2.5 Dodging
 - Level 0.1 Stealth


You had 12 spell levels left.
You didn't know any spells.
Your spell library was empty.

Dungeon Overview and Level Annotations

Branches:
Dungeon (13/15)            Temple (1/1) D:5            Lair (0/5) D:11
    Orc (0/2) D:12         Vaults (0/5) D:13

Altars:
Ashenzari
Cheibriados
Dithmenos
Elyvilon
Fedhas
Gozag
Hepliaklqana
Kikubaaqudgha
Makhleb
Nemelex Xobeh
Okawaru
Qazlal
Ru
Sif Muna
Trog
Uskayaw
Vehumet
Wu Jian
Xom
Yredelemnul
Zin
The Shining One

Shops:
D:1 =   D:2 [(?   D:5 ?

Annotations:
D:6 Maggie


Innate Abilities, Weirdness & Mutations

You have a pair of horns on your head.
You reflexively headbutt those who attack you in melee.


Message History

Something smites you! The troll barely misses you. The troll claws you!
* * * LOW HITPOINT WARNING * * *
The troll claws you.
* * * LOW HITPOINT WARNING * * *
A troll comes into view.
The meliai invokes the aid of its god against you.
Something smites you!
* * * LOW HITPOINT WARNING * * *
The tengu warrior barely misses you. You furiously retaliate!
You headbutt the tengu warrior!
You kill the tengu warrior!
Trog accepts your kill.
A centaur comes into view. It is wielding a +4 war axe of venom.
The 11-headed hydra bites you.
* * * LOW HITPOINT WARNING * * *
The 11-headed hydra bites you but does no damage. x3
The 11-headed hydra barely misses you. The 11-headed hydra misses you.
The 11-headed hydra bites you.
* * * LOW HITPOINT WARNING * * *
The 11-headed hydra closely misses you.
The 11-headed hydra bites you but does no damage.
The 11-headed hydra closely misses you. The 11-headed hydra bites you!
* * * LOW HITPOINT WARNING * * *
You feel much better.
The meliai mumbles some strange prayers to its god against you.
Something smites you!
* * * LOW HITPOINT WARNING * * *
The troll bites you but does no damage. The troll barely misses you. x2
The meliai barely misses you. You furiously retaliate!
You headbutt the meliai!! The meliai barely misses you. The troll misses you.
The troll claws you but does no damage. The troll claws you!
* * * LOW HITPOINT WARNING * * *
The 11-headed hydra bites you but does no damage. x3
The 11-headed hydra bites you!
* * * LOW HITPOINT WARNING * * *
The 11-headed hydra closely misses you. The 11-headed hydra misses you.
The 11-headed hydra closely misses you.
The 11-headed hydra bites you but does no damage. x3
The 11-headed hydra bites you!
You die...

...
##..........
###.###....
#...# ... #
#########.#.#
.. #
........#.#.#
.. .#
########..###.#
.#
.......#.....#
.
########.....#
#D@###..#


#TyT# ..# #c..y# .. .}#...# . ##.##..# . ##.. . ##. # ... You could see a
11-headed hydra (slow), 2 trolls, a hornet shaped shifter, a meliai and a
centaur.

Vanquished Creatures
  Gastronok (D:12)
  Snorg (D:11)
  Fannar (D:11)
  Harold (D:11)
  4 hydras
  A catoblepas (D:13)
  5 two-headed ogres
  3 centaur warriors (D:13)
  A tengu warrior (D:13)
  Sonja (D:10)
  Pikel (D:6)
  A lindwurm (shapeshifter) (D:13)
  3 ugly things
  A deep elf pyromancer (D:12)
  6 cyclopes
  A manticore (D:13)
  A black mamba (shapeshifter) (D:13)
  2 gargoyles
  2 kobold demonologists (D:12)
  A yaktaur (shapeshifter) (D:13)
  A komodo dragon (D:11)
  A troll (D:13)
  A hornet (D:8)
  2 slime creatures (D:13)
  Prince Ribbit (D:6)
  2 dream sheep (D:10)
  2 wyverns
  5 wraiths
  A centaur simulacrum (D:13)
  2 shadows
  A vampire (D:10)
  Grum (D:8)
  2 basilisks (D:11)
  2 steam dragons
  8 vampire mosquitoes
  Menkaure (D:4)
  Edmund (D:4)
  2 acid dragons
  A water moccasin (D:9)
  Duvessa (D:4)
  An orc warrior (D:8)
  3 sky beasts
  A black bear (D:4)
  2 wolves (D:8)
  3 ogres
  10 centaurs
  6 kobold brigands
  4 bullfrogs
  3 necrophages
  4 scorpions
  A gnoll sergeant (D:11)
  10 wights
  Dowan (D:4)
  6 howler monkeys
  4 jellies
  5 orc priests
  5 hounds
  2 gnoll boudas
  2 iguanas
  12 orc wizards
  18 gnolls
  6 adders
  A shadow imp (D:7)
  3 white imps
  An ufetubus (D:5)
  2 worms (D:5)
  16 orcs
  12 ball pythons
  5 bats
  3 endoplasms
  2 giant cockroaches
  9 goblins
  6 hobgoblins
  6 jackals
  25 kobolds
  2 quokkas
  A frilled lizard (D:1)
  6 rats
285 creatures vanquished.

Vanquished Creatures (others)
  2 fungi (D:3)
  4 plants
6 creatures vanquished.

Grand Total: 291 creatures vanquished

Notes
Turn   | Place    | Note
-------+----------+-------------------------------------------
     0 | D:1      | Alacron the Minotaur Berserker began the quest for the Orb.
     0 | D:1      | Reached XP level 1. HP: 19/19 MP: 0/0
    62 | D:1      | Found Coru's Jewellery Boutique.
   145 | D:1      | Reached XP level 2. HP: 25/27 MP: 1/1
   235 | D:1      | Reached skill level 4 in Fighting
   411 | D:1      | Reached ** piety under Trog
   419 | D:1      | Reached XP level 3. HP: 30/33 MP: 2/2
   898 | D:2      | Found Ozel's Magic Scroll Boutique.
  1085 | D:2      | Found Yfext's Antique Weapon Emporium.
  1184 | D:2      | Found Puas's Antique Armour Shop.
  1526 | D:3      | Reached skill level 5 in Axes
  1526 | D:3      | Reached XP level 4. HP: 38/40 MP: 3/3
  1614 | D:3      | Found an iron altar of Okawaru.
  1623 | D:3      | Reached *** piety under Trog
  1824 | D:3      | Found a white marble altar of Elyvilon.
  2005 | D:3      | Found a faded altar of an unknown god.
  2070 | D:4      | Noticed a scorpion
  2075 | D:4      | Killed a scorpion
  2076 | D:4      | Reached XP level 5. HP: 46/46 MP: 4/4
  2096 | D:4      | Noticed Duvessa
  2096 | D:4      | Noticed Dowan
  2315 | D:4      | Noticed Edmund
  2327 | D:4      | Killed Edmund
  2443 | D:4      | Killed Duvessa
  2444 | D:4      | Reached XP level 6. HP: 52/52 MP: 5/5
  2449 | D:4      | Killed Dowan
  2588 | D:4      | Noticed Menkaure
  2604 | D:4      | Killed Menkaure
  2605 | D:4      | Reached XP level 7. HP: 17/59 MP: 6/6
  2836 | D:4      | Reached skill level 5 in Maces & Flails
  3389 | D:5      | Entered Level 5 of the Dungeon
  3437 | D:5      | Found Zumoqirr's Magic Scroll Boutique.
  3565 | D:2      | Bought a faintly glowing scale mail for 171 gold pieces
  3565 | D:2      | Identified the +3 scale mail of the Candlemaker {Str+2}
                  | (You bought it in a shop on level 2 of the Dungeon)
  3786 | D:5      | Reached XP level 8. HP: 66/66 MP: 7/7
  3812 | D:5      | Found a staircase to the Ecumenical Temple.
  3825 | Temple   | Entered the Ecumenical Temple
  4115 | D:5      | Found a basalt altar of Yredelemnul.
  4998 | D:6      | Noticed Pikel
  5007 | D:6      | Killed Pikel
  5008 | D:6      | Reached XP level 9. HP: 71/71 MP: 8/8
  5052 | D:6      | Noticed Prince Ribbit
  5065 | D:6      | Killed Prince Ribbit
  5112 | D:6      | Noticed Maggie
  5424 | D:6      | Reached **** piety under Trog
  5670 | D:6      | Reached skill level 5 in Fighting
  6104 | D:7      | Reached skill level 5 in Armour
  6207 | D:7      | Reached skill level 6 in Fighting
  6382 | D:7      | Identified a scroll of acquirement
  6384 | D:7      | Acquired 529 gold pieces
  6390 | D:7      | Reached skill level 8 in Fighting
  6390 | D:7      | Reached XP level 10. HP: 90/90 MP: 9/9
  6499 | D:2      | Bought a brightly glowing hand axe for 192 gold pieces
  6499 | D:2      | Identified the +10 hand axe of Xom's Scorn {speed, rN+
                  | Str+6} (You bought it in a shop on level 2 of the Dungeon)
  6598 | D:7      | Reached skill level 9 in Fighting
  6800 | D:8      | Noticed Grum
  6826 | D:8      | Killed Grum
  7134 | D:8      | Noticed a two-headed ogre
  7216 | D:9      | Noticed a two-headed ogre
  7236 | D:8      | Killed a two-headed ogre
  7237 | D:8      | Reached XP level 11. HP: 99/99 MP: 10/10
  7241 | D:9      | Killed a two-headed ogre
  7242 | D:9      | Reached skill level 10 in Fighting
  7698 | D:8      | Noticed a two-headed ogre
  7708 | D:8      | Killed a two-headed ogre
  7709 | D:8      | Reached skill level 10 in Armour
  7854 | D:8      | Reached skill level 11 in Fighting
  7958 | D:10     | Entered Level 10 of the Dungeon
  7988 | D:10     | Found a portal to a secret trove of treasure.
  7998 | D:10     | Identified the ring "Hoti" {rC+ Will+ Dex+2}
  8043 | Trove    | Entered a treasure trove
  8074 | Trove    | Identified the +0 hat of Vuwuovy {Will+ Int+4}
  8076 | Trove    | Identified the +4 hat of Anarchy {Str+4}
  8297 | D:10     | Noticed a two-headed ogre
  8307 | D:10     | Killed a two-headed ogre
  8428 | D:10     | Noticed Sonja
  8440 | D:10     | Killed Sonja
  8443 | D:10     | Reached skill level 12 in Fighting
  8449 | D:10     | Reached * piety under Trog
  8779 | D:10     | Noticed a three-headed hydra
  8786 | D:10     | Killed a nine-headed hydra
  9150 | D:10     | Noticed a two-headed ogre
  9163 | D:10     | Killed a two-headed ogre
  9284 | D:11     | Noticed Harold
  9294 | D:11     | Killed Harold
  9295 | D:11     | Reached skill level 13 in Fighting
  9360 | D:11     | Reached XP level 12. HP: 58/115 MP: 11/11
  9366 | D:11     | Noticed Fannar
  9368 | D:11     | Noticed Snorg
  9390 | D:11     | Killed Fannar
  9391 | D:11     | Killed Snorg
  9392 | D:11     | Reached skill level 14 in Fighting
  9884 | D:2      | Bought a pair of glowing boots for 142 gold pieces
 10218 | D:11     | Identified the +8 rapier "Xapamint" {pain, MP+9}
 10521 | D:11     | Found a staircase to the Lair.
 10664 | D:11     | Found an iron altar of Okawaru.
 10833 | D:12     | Noticed Gastronok
 10843 | D:12     | Killed Gastronok
 10844 | D:12     | Reached skill level 15 in Fighting
 10878 | D:12     | Found a staircase to the Orcish Mines.
 11492 | D:13     | Reached skill level 16 in Fighting
 11494 | D:13     | Noticed a four-headed hydra
 11502 | D:13     | Killed a nine-headed hydra
 11509 | D:13     | Noticed an eight-headed hydra
 11515 | D:13     | Killed a 12-headed hydra
 11657 | D:13     | Noticed a centaur warrior
 11662 | D:13     | Killed a centaur warrior
 11845 | D:13     | Noticed a four-headed hydra
 11865 | D:13     | Killed a 19-headed hydra
 11866 | D:13     | Reached XP level 13. HP: 50/130 MP: 12/12
 12108 | D:13     | Found a gate to the Vaults.
 12140 | D:13     | Reached skill level 17 in Fighting
 12223 | D:13     | HP: 5/133 [11-headed hydra (7)]
 12224 | D:13     | HP: 2/133 [11-headed hydra (7)]
 12224 | D:13     | Mangled by an 11-headed hydra

Illustrated notes

Levels and vault maps discovered:
D:1:      evilmike_arrival_crescent, layout_loops_cross, serial_shops, shop,
          minmay_vboxes
D:2:      layout_basic, serial_shops, nicolae_shop_crystal, shop,
          nicolae_shop_stone
D:3:      layout_loops_ring, mainiacjoe_overflow_big_doors,
          shapermc_ecumenical_altar_petra
D:4:      layout_basic, uniq_edmund, uniq_duvessa, uniq_menkaure
D:5:      layout_basic, yredelemnul_altar_generic,
          minmay_temple_entry_antechambers, serial_shops, shop_fountains,
          cheibrodos_sewer_entry_bend, minivault_1
D:6:      layout_basic, uniq_maggie, uniq_prince_ribbit1, uniq_pikel
D:7:      layout_rooms, kennysheep_flooded_box, minmay_door_square
D:8:      layout_basic, serial_curves, eino_curves_03, eino_curves_01, uniq_grum
D:9:      layout_cave_pools, minmay_unpleasant_kobolds
D:10:     layout_irregular_city, nicolae_trove_entry_free_sample,
          hangedman_ranch, uniq_sonja
D:11:     layout_cave_pools, erik_lair_dragon, serial_glass, glass_columns_b,
          glass_columns_c, glass_columns_c, glass_columns_c, glass_columns_a,
          glass_columns_b, glass_columns_a, glass_columns_a, glass_columns_b,
          glass_columns_a, okawaru_altar_gauntlet_db, uniq_snorg, uniq_harold,
          uniq_fannar
D:12:     layout_loops_cross, orc_0_dummy, uniq_gastronok
D:13:     minmay_the_grid_octo_tiled_squarecenter_mashed
          [minmay_the_grid_octo_clover_2, minmay_the_grid_octo_toaster,
          minmay_the_grid_octo_77, minmay_the_grid_octo_fan_narrow,
          minmay_the_grid_square_5x5_megaprize_diamond,
          minmay_the_grid_square_5x5_spiral, minmay_the_grid_square_5x5_minimal,
          minmay_the_grid_square_5x5_minibox,
          minmay_the_grid_square_5x5_eight_small], layout_stronghold,
          david_vaults_2, lightli_corner_chamber
Temple:   nicolae_temple_bog_church

Skill      XL: |  1  2  3  4  5  6  7  8  9 10 11 12 13 |
---------------+----------------------------------------+-----
Axes           | 4 5 6 8 12 | 12.0
Fighting       | 4 8 9 13 16 17 | 17.6
Maces & Flails | 3 7 11 12 | 12.0
Armour         | 8 9 11 13 | 13.6
Dodging        | |  2.5
Stealth        | |  0.1

Action                   |  1- 3 |  4- 6 |  7- 9 | 10-12 | 13-15 || total
-------------------------+-------+-------+-------+-------+-------++-------
Melee: Hand axe          |    61 |    49 |       |   407 |    54 ||   571
       Headbutt          |     7 |    12 |    41 |    99 |    18 ||   177
       Flail             |       |    17 |   187 |       |       ||   204
       Punch             |       |     1 |     1 |     8 |       ||    10
Invok: Berserk           |       |     4 |     2 |     6 |     1 ||    13
       Trog's Hand       |       |     1 |       |       |       ||     1
  Use: Scroll            |     7 |     5 |    10 |     2 |       ||    24
       Potion            |       |       |     1 |     3 |     2 ||     6
Armor: Animal skin       |     3 |       |       |       |       ||     3
       Ring mail         |    10 |       |       |       |       ||    10
       Scale mail        |    14 |     9 |   103 |   197 |   117 ||   440
Dodge: Dodged            |    47 |    22 |    87 |   166 |    58 ||   380

Table legend: (Time is in decaauts)
 A = Elapsed time spent in this place.
 B = Non-inter-level travel time spent in this place.
 C = Inter-level travel time spent in this place.
 D = Time resting spent in this place.
 E = Time spent auto-exploring this place.
 F = Levels seen in this place.
 G = Mean time per level.
                   A        B        C        D        E       F      G
               +--------+--------+--------+--------+--------+-----+--------+
         Total |  12081 |  10769 |   1312 |    859 |   8016 |  15 |  805.4 |
       Dungeon |  11764 |  10487 |   1277 |    859 |   7783 |  13 |  904.9 |
        Temple |    216 |    181 |     35 |      0 |    164 |   1 |  216.0 |
         Trove |    100 |    100 |      0 |      0 |     68 |   1 |  100.0 |
               +--------+--------+--------+--------+--------+-----+--------+

Top non-repeatable levels by time:
     D:4: 1539 daAuts
     D:6: 1420 daAuts
    D:10: 1233 daAuts
     D:5: 995 daAuts
    D:11: 895 daAuts
     D:3: 791 daAuts
     D:1: 786 daAuts
     D:2: 785 daAuts
    D:12: 718 daAuts
    D:13: 699 daAuts
     D:7: 658 daAuts
     D:8: 651 daAuts
     D:9: 588 daAuts
  Temple: 216 daAuts
   Trove: 100 daAuts
